[Event "Titled Tuesday Blitz August 15 Early 2023"]
[White "Davidson, Kevin"]
[Black "Berezin, Viktor"]
[WhiteFideId "2056810"]
[BlackFideId "14107872"]
[WhiteElo "2365"]
[BlackElo "2502"]
[Result "0-1"]
[Round "10"]
[TimeControl "180+1"]
[Date "2023.08.15"]
[WhiteClock "0:00:00"]
[BlackClock "0:00:40"]
[Board "90"]

1. e4 c6 2. d4 d5 3. e5 Bf5 4. h4 h5 5. Bg5 Qb6 6. Bd3 Bxd3 7. Qxd3 Qa6 8. Qf3 e6 9. Ne2 c5 10. c3 Nc6 11. Nd2 Nge7 12. O-O Nf5 13. Nb3 c4 14. Nd2 b5 15. Ng3 g6 16. Bf6 Rh7 17. Nxf5 gxf5 18. Qg3 Ne7 19. Nf3 Ng6 20. Ng5 Rh6 21. b3 Rc8 22. bxc4 Rxc4 23. Rab1 Qc6 24. Rb3 a6 25. Rfb1 Be7 26. Bxe7 Nxe7 27. Qe3 Rg6 28. Nh3 Ng8 29. Nf4 Rh6 30. Qg3 Kf8 31. Qg5 Qc8 32. Nxh5 Rg6 33. Qe3 Nh6 34. Nf6 Ke7 35. h5 Ng4 36. Qf4 Rg7 37. f3 Rxc3 38. fxg4 Rc2 39. g5 Qc4 0-1


[Site "https://www.chess.com"]

[Event "Titled Tuesday Blitz August 15 Early 2023"]
[White "Marn, Jan"]
[Black "Akylbek2021"]
[WhiteFideId "14619245"]
[WhiteElo "2499"]
[BlackElo "2359"]
[Result "0-1"]
[Round "10"]
[TimeControl "180+1"]
[Date "2023.08.15"]
[WhiteClock "0:00:00"]
[BlackClock "0:00:17"]
[Board "91"]

1. d4 Nf6 2. Nf3 g6 3. h4 Bg7 4. c4 d6 5. Nc3 c5 6. dxc5 dxc5 7. Qxd8+ Kxd8 8. Ne5 Be6 9. Bf4 Nfd7 10. Nxd7 Nxd7 11. e3 a6 12. h5 Bxc3+ 13. bxc3 Kc8 14. hxg6 fxg6 15. Bd3 Bf5 16. e4 Be6 17. Rb1 Rf8 18. Bg5 Ne5 19. Be2 Rf7 20. Rb6 Bxc4 21. Bxc4 Nxc4 22. Rxg6 hxg6 23. Rh8+ Kd7 24. Rxa8 Nd6 25. f3 Nc8 26. Kd2 e5 27. Kd3 Kc7 28. Be3 b6 29. Rxa6 Rd7+ 30. Kc2 Kb7 31. Ra3 Nd6 32. Rb3 Nc4 33. Bxc5 Rd2+ 34. Kc1 Rxa2 35. Rb4 Kc6 36. Bf8 b5 37. g3 Rf2 38. f4 exf4 39. gxf4 Rxf4 40. e5 Re4 41. Bg7 g5 42. Kc2 g4 43. Kd3 Re1 44. e6 Kc5 45. Bd4+ Kc6 46. e7 Rxe7 47. Rb1 Rf7 48. Rg1 Rf3+ 49. Ke2 Rf4 50. Rg3 b4 51. Kd3 Nb2+ 52. Kc2 Na4 53. Kb3 Nxc3 54. Bxc3 bxc3 55. Kxc3 Kd5 56. Kd3 Ke5 57. Ke2 Ke4 58. Ra3 Kf5 59. Ra5+ Kg6 60. Ke1 g3 61. Ra8 Kf5 62. Rf8+ Kg4 63. Rxf4+ Kxf4 0-1


[Site "https://www.chess.com"]

[Event "Titled Tuesday Blitz August 15 Early 2023"]
[White "Polaczek, Richard"]
[Black "arenal72"]
[WhiteFideId "200026"]
[WhiteElo "2359"]
[BlackElo "2489"]
[Result "1/2-1/2"]
[Round "10"]
[TimeControl "180+1"]
[Date "2023.08.15"]
[WhiteClock "0:00:20"]
[BlackClock "0:00:06"]
[Board "92"]

1. d4 d6 2. e4 Nf6 3. Nc3 g6 4. Bg5 Bg7 5. f4 a6 6. e5 Nfd7 7. Bc4 O-O 8. Nf3 b5 9. Bd5 c6 10. Be4 d5 11. Bd3 f6 12. Bh4 f5 13. Ne2 Qe8 14. c3 e6 15. O-O Bb7 16. h3 c5 17. b4 cxb4 18. cxb4 Nc6 19. a3 Nb6 20. Bf2 Nc4 21. Qb1 a5 22. Nc3 axb4 23. Nxb5 bxa3 24. Nc7 Qc8 25. Nxa8 Qxa8 26. Ng5 Re8 27. Qa2 Nb4 28. Qb3 Nxd3 29. Qxd3 Ba6 30. Rfc1 Qc6 31. Qc3 Rb8 32. Rxa3 Bf8 33. Rb3 Rxb3 34. Qxb3 Bb5 35. Ra1 h6 36. Nf3 Be7 37. Bh4 Bxh4 38. Nxh4 g5 39. fxg5 hxg5 40. Nf3 g4 41. hxg4 fxg4 42. Ng5 Qb6 43. Qd3 Nxe5 44. Qh7+ Kf8 45. Ra7 Qxd4+ 46. Kh2 Qf4+ 47. Kg1 Qe3+ 48. Kh2 Qf4+ 49. Kg1 Qd4+ 50. Kh2 Qf4+ 1/2-1/2


[Site "https://www.chess.com"]

[Event "Titled Tuesday Blitz August 15 Early 2023"]
[White "Mihailidis, Anastasios"]
[Black "Konenkin, Dmitry"]
[WhiteFideId "4205588"]
[BlackFideId "4185781"]
[WhiteElo "2486"]
[BlackElo "2319"]
[Result "1-0"]
[Round "10"]
[TimeControl "180+1"]
[Date "2023.08.15"]
[WhiteClock "0:00:34"]
[BlackClock "0:00:19"]
[Board "93"]

1. e4 d6 2. d4 Nf6 3. Nc3 e5 4. dxe5 dxe5 5. Qxd8+ Kxd8 6. Bg5 Be6 7. O-O-O+ Nd7 8. f3 c6 9. f4 exf4 10. e5 h6 11. Bxf4 Ng4 12. Bg3 Kc7 13. Nf3 Bc5 14. Re1 Be3+ 15. Kb1 Bf2 16. Bxf2 Nxf2 17. Rg1 Nc5 18. Re2 Ng4 19. h3 Bc4 20. Re1 Bxf1 21. Rgxf1 h5 22. hxg4 hxg4 23. Ng5 Rh2 24. Rxf7+ Kb6 25. e6 Rxg2 26. e7 Re8 27. a3 Nd7 28. Ne6 g3 29. Nxg7 Rf2 30. Nxe8 Rxf7 31. Nd6 Rxe7 32. Rxe7 g2 33. Rg7 1-0


[Site "https://www.chess.com"]

[Event "Titled Tuesday Blitz August 15 Early 2023"]
[White "crazy_m_attack"]
[Black "Spichkin, Alexander"]
[BlackFideId "4144074"]
[WhiteElo "2311"]
[BlackElo "2466"]
[Result "1-0"]
[Round "10"]
[TimeControl "180+1"]
[Date "2023.08.15"]
[WhiteClock "0:00:06"]
[BlackClock "0:00:26"]
[Board "94"]

1. e4 e5 2. Nf3 d5 3. Nxe5 Bd6 4. d4 dxe4 5. Bc4 Bxe5 6. dxe5 Qxd1+ 7. Kxd1 Nc6 8. Bf4 Nge7 9. Re1 Bf5 10. Nc3 Ng6 11. Bg3 Ngxe5 12. Bb5 O-O-O+ 13. Kc1 Rhe8 14. Nxe4 Bxe4 15. Rxe4 f6 16. b3 a6 17. Bxc6 Nxc6 18. Rxe8 Rxe8 19. Kd2 Rd8+ 20. Kc3 Nd4 21. Re1 Nb5+ 22. Kb2 Kd7 23. a4 Nd4 24. Rd1 Kc8 25. Re1 Nf5 26. Bf4 Rd4 27. Bc1 Kd7 28. h3 h5 29. c3 Rd5 30. Kc2 Nh4 31. g3 Ng6 32. Be3 Ne5 33. c4 Rd6 34. Re2 g5 35. Bxg5 Nxc4 36. Bf4 Ne5 37. Bxe5 fxe5 38. Rxe5 Rf6 39. f4 h4 40. Rd5+ Kc6 41. Rd3 hxg3 42. Rxg3 Rxf4 43. Kc3 Rh4 44. Rf3 Kd6 45. b4 b5 46. Rd3+ Kc6 47. Kb3 bxa4+ 48. Kxa4 Kb6 49. Rg3 c5 50. Rg6+ Kb7 51. Rg7+ Kc8 52. Rg4 Rxh3 53. bxc5 Kc7 54. Rc4 Kc6 55. Kb4 Rh1 56. Rg4 Rb1+ 57. Kc4 Rc1+ 58. Kb4 Kd5 59. Rg5+ Kd4 60. Rg4+ Kd3 61. Rg3+ Kd2 62. Rg2+ Ke3 63. Rg3+ Kf4 64. Rc3 Ra1 65. c6 Rb1+ 66. Ka5 Rb8 67. c7 Rc8 68. Kb6 Ke5 69. Kb7 Rxc7+ 70. Kxc7 a5 71. Ra3 1-0


[Site "https://www.chess.com"]

[Event "Titled Tuesday Blitz August 15 Early 2023"]
[White "Gritsenko, Nikolai"]
[Black "KorolDimitriy75"]
[WhiteFideId "14112493"]
[WhiteElo "2708"]
[BlackElo "2421"]
[Result "1-0"]
[Round "10"]
[TimeControl "180+1"]
[Date "2023.08.15"]
[WhiteClock "0:00:36"]
[BlackClock "0:00:01"]
[Board "95"]

1. e4 c5 2. Nf3 d6 3. Bb5+ Nd7 4. O-O Nf6 5. Re1 a6 6. Bf1 e5 7. c3 Be7 8. d4 O-O 9. Nbd2 Qc7 10. a4 b6 11. dxe5 dxe5 12. Nc4 Bb7 13. Qc2 Rfe8 14. Bg5 h6 15. Bd2 Bf8 16. Rad1 Bc6 17. Bc1 b5 18. Ncd2 c4 19. axb5 axb5 20. Nh4 Nc5 21. f3 g6 22. g3 Ne6 23. Kh1 Qb7 24. Bg2 Nc5 25. Nf1 Nd3 26. Rxd3 cxd3 27. Qxd3 Rad8 28. Qc2 Bg7 29. Ne3 Kh7 30. Kg1 Qb6 31. Kh1 Bf8 32. Bf1 Qb7 33. Nhg2 Bc5 34. Qb3 Kg7 35. h4 h5 36. Kh2 Rd7 37. Nc2 Red8 38. Be3 Bxe3 39. Ncxe3 Rd2 40. Be2 Bxe4 41. fxe4 Qxe4 42. Qxb5 Ng4+ 43. Bxg4 hxg4 44. Qf1 R8d3 45. Qg1 Kg8 46. h5 Rxb2 47. hxg6 fxg6 48. Qf1 Rdd2 49. Qg1 Qf3 50. Rf1 Rf2 51. Rxf2 Rxf2 52. Qe1 Re2 53. Qc1 Qf2 54. Qb1 Rxe3 55. Qxg6+ Kf8 56. Qh6+ Ke8 57. Qxe3 Qf1 58. Qxe5+ 1-0


[Site "https://www.chess.com"]

[Event "Titled Tuesday Blitz August 15 Early 2023"]
[White "Todorovic, Bojan"]
[Black "Iskusnyh, Sergei"]
[WhiteFideId "917087"]
[BlackFideId "4120027"]
[WhiteElo "2417"]
[BlackElo "2630"]
[Result "1-0"]
[Round "10"]
[TimeControl "180+1"]
[Date "2023.08.15"]
[WhiteClock "0:00:04"]
[BlackClock "0:00:00"]
[Board "96"]

1. d4 d5 2. c4 c6 3. Nf3 Nf6 4. Nc3 e6 5. e3 a6 6. a4 c5 7. cxd5 exd5 8. Bd3 Nc6 9. O-O Be6 10. Bd2 Bd6 11. dxc5 Bxc5 12. Rc1 O-O 13. Ne2 Ba7 14. Bc3 Bg4 15. Nfd4 Nxd4 16. Bxd4 Bxd4 17. exd4 Re8 18. f3 Bh5 19. Nf4 Qb6 20. Nxh5 Nxh5 21. Kh1 g6 22. Rc5 Rad8 23. Qd2 Ng7 24. a5 Qf6 25. Qb4 Ne6 26. Rc3 Rd7 27. Bc2 Nxd4 28. Ba4 Nc6 29. Bxc6 bxc6 30. Qb6 Rd6 31. Qxa6 d4 32. Rd3 c5 33. Qc4 Rb8 34. Qxc5 Rxb2 35. a6 Rxa6 36. Qxd4 Qxd4 37. Rxd4 Raa2 38. Rg1 h5 39. h4 Kg7 40. Kh2 Rb3 41. Kh3 Kf6 42. Rf4+ Kg7 43. Re4 Rc2 44. Rge1 Rbb2 45. Rg1 Rd2 46. Rf4 f5 47. Rc4 Kh6 48. Rc6 Rd4 49. Re6 Rbb4 50. g3 Rd3 51. Rf1 Rb2 52. f4 Rdd2 53. Rh1 Rf2 54. Re3 Kg7 55. Rd3 Kf7 56. Re3 Rbd2 57. Rc3 Rfe2 58. Rb3 1-0


[Site "https://www.chess.com"]

[Event "Titled Tuesday Blitz August 15 Early 2023"]
[White "Rom, Jasper"]
[Black "Gamayev, Oleg"]
[WhiteFideId "2023733"]
[BlackFideId "2802813"]
[WhiteElo "2406"]
[BlackElo "2593"]
[Result "0-1"]
[Round "10"]
[TimeControl "180+1"]
[Date "2023.08.15"]
[WhiteClock "0:00:00"]
[BlackClock "0:00:18"]
[Board "97"]

1. e4 d6 2. d4 Nf6 3. Nc3 e5 4. Nf3 exd4 5. Nxd4 Be7 6. Be2 O-O 7. O-O c6 8. f4 Re8 9. Bf3 Bf8 10. Re1 Nbd7 11. Kh1 Nc5 12. g4 h6 13. b4 Ne6 14. Nxe6 Bxe6 15. f5 Bc8 16. Bf4 Nd7 17. h3 Ne5 18. Bg2 Qh4 19. Kh2 h5 20. Bg3 Qf6 21. gxh5 d5 22. Rf1 d4 23. Ne2 Qg5 24. Qxd4 Qxh5 25. Nf4 Qh6 26. a3 Qf6 27. c3 Nd7 28. Qxf6 Nxf6 29. Rae1 Bd6 30. Ne2 Be5 31. Bxe5 Rxe5 32. Ng3 Bd7 33. Rd1 Rae8 34. Rfe1 Bc8 35. Bf3 g6 36. fxg6 fxg6 37. Kg2 Kg7 38. Rd4 Be6 39. Ne2 Rh8 40. Nf4 Bc8 41. Kg3 g5 42. Ng2 Rxh3+ 43. Kf2 g4 44. Bd1 Rxc3 45. Re3 Rxe3 46. Kxe3 Re7 47. Kf4 Nd7 48. Bxg4 Rf7+ 49. Kg3 Nb6 50. Bxc8 Nxc8 51. Nf4 Nb6 52. e5 Re7 53. e6 Kf6 54. Kg4 Ke5 55. Rd3 Nd5 56. Nxd5 cxd5 57. Re3+ Kf6 58. Kf4 Rxe6 59. Rd3 Re4+ 60. Kf3 Ke5 61. Rd2 Rh4 62. Rg2 Rh3+ 63. Ke2 Rxa3 64. Rg5+ Kd4 65. Rg7 b6 66. Rb7 Kc4 67. Rc7+ Kxb4 68. Kd2 b5 69. Kc2 a5 70. Kb2 Rd3 0-1


[Site "https://www.chess.com"]

[Event "Titled Tuesday Blitz August 15 Early 2023"]
[White "jimmy-schlumpf"]
[Black "Ivanov, Alexey"]
[BlackFideId "4167635"]
[WhiteElo "2406"]
[BlackElo "2573"]
[Result "0-1"]
[Round "10"]
[TimeControl "180+1"]
[Date "2023.08.15"]
[WhiteClock "0:01:13"]
[BlackClock "0:01:43"]
[Board "98"]

1. Nf3 c6 2. g3 d5 3. Bg2 Nf6 4. O-O Bf5 5. d3 e6 6. c4 h6 7. Be3 Nbd7 8. Qb3 Qc8 9. cxd5 exd5 10. Nc3 Bc5 11. Bxc5 Nxc5 12. Qa3 Na6 13. Rac1 Qd7 14. Nd4 Be6 15. Nxc6 Qxc6 16. Nxd5 Qd7 17. Nxf6+ gxf6 18. Rc3 Rb8 19. Rfc1 Qe7 20. Qa4+ Kf8 21. Qf4 Kg7 22. a3 h5 23. h4 Rbd8 24. b4 Rd7 25. d4 Qd6 26. Qxd6 Rxd6 27. Bxb7 Rb8 28. Bxa6 Rxa6 29. e4 Rbb6 30. f4 Rd6 31. d5 Bg4 32. Kf2 f5 33. Ke3 fxe4 34. Kxe4 Rd7 35. Rc6 Rxa3 36. Rg6+ Kxg6 0-1


[Site "https://www.chess.com"]

[Event "Titled Tuesday Blitz August 15 Early 2023"]
[White "Budrewicz, Krzysztof"]
[Black "Rozhkov, Viacheslav"]
[WhiteFideId "1127950"]
[BlackFideId "4181484"]
[WhiteElo "2572"]
[BlackElo "2403"]
[Result "0-1"]
[Round "10"]
[TimeControl "180+1"]
[Date "2023.08.15"]
[WhiteClock "0:01:43"]
[BlackClock "0:00:55"]
[Board "99"]

1. e4 c5 2. Nf3 Nc6 3. Nc3 e6 4. Bb5 Nge7 5. Bxc6 Nxc6 6. O-O Be7 7. d3 O-O 8. Bf4 d5 9. Bg3 a6 10. Re1 b5 11. a4 b4 12. Ne2 dxe4 13. dxe4 Bb7 14. Qxd8 Rfxd8 15. Red1 f6 16. Nd2 Nd4 17. Nxd4 Rxd4 18. f3 Rad8 19. Be1 f5 20. exf5 exf5 21. c3 R4d7 22. Kf1 Bg5 23. cxb4 cxb4 24. Ne4 fxe4 25. Rxd7 Rxd7 26. Bxb4 exf3 27. gxf3 Bxf3 28. Kf2 Bb7 29. Rg1 h6 30. Bc3 Kh7 31. Rg4 Rf7+ 32. Ke1 Rf4 33. Rg1 Bh4+ 34. Kd2 Bf6 35. Ke3 Rf3+ 36. Kd2 Bxc3+ 37. bxc3 Rf2+ 38. Ke3 Rxh2 39. Rb1 Bc6 40. a5 Bb5 41. Kd4 h5 42. c4 Rh4+ 43. Kd5 Rxc4 0-1


[Site "https://www.chess.com"]

[Event "Titled Tuesday Blitz August 15 Early 2023"]
[White "Efremov, Vladislav"]
[Black "Bilan, Danila"]
[WhiteFideId "44159935"]
[BlackFideId "24161918"]
[WhiteElo "2399"]
[BlackElo "2568"]
[Result "1-0"]
[Round "10"]
[TimeControl "180+1"]
[Date "2023.08.15"]
[WhiteClock "0:01:19"]
[BlackClock "0:00:04"]
[Board "100"]

1. d4 d5 2. c4 c6 3. cxd5 cxd5 4. Nc3 Nf6 5. Nf3 Nc6 6. Bf4 Bf5 7. e3 e6 8. Bd3 Bg6 9. O-O Bd6 10. Bg3 O-O 11. Bxg6 hxg6 12. Bxd6 Qxd6 13. Rc1 Rfc8 14. Na4 Ne4 15. Nc5 Nxc5 16. Rxc5 Rc7 17. Qd2 Rac8 18. Rfc1 b6 19. R5c2 Na5 20. b3 Rxc2 21. Rxc2 Rxc2 22. Qxc2 Nc6 23. h3 Ne7 24. Ne5 g5 25. a4 f6 26. Nf3 Nc6 27. g4 Kf7 28. Kg2 Ne7 29. h4 gxh4 30. Qh7 Qc6 31. Qh5+ Kg8 32. g5 fxg5 33. Nxg5 Nf5 34. Qf7+ 1-0


[Site "https://www.chess.com"]

[Event "Titled Tuesday Blitz August 15 Early 2023"]
[White "Frayna, Janelle Mae"]
[Black "Chor, Kevin"]
[WhiteFideId "5212499"]
[BlackFideId "2090740"]
[WhiteElo "2400"]
[BlackElo "2562"]
[Result "0-1"]
[Round "10"]
[TimeControl "180+1"]
[Date "2023.08.15"]
[WhiteClock "0:00:08"]
[BlackClock "0:00:04"]
[Board "101"]

1. e4 c5 2. Nf3 Nc6 3. Bb5 Qb6 4. Nc3 e6 5. O-O Nge7 6. Re1 Ng6 7. Bxc6 bxc6 8. e5 Be7 9. Ne4 O-O 10. d3 f6 11. exf6 gxf6 12. Rb1 d5 13. Ng3 e5 14. h3 Be6 15. b3 Rae8 16. c4 Kh8 17. h4 Bg4 18. h5 Nh4 19. Nxh4 Bxd1 20. Rxd1 Qc7 21. Nhf5 Bd6 22. Be3 e4 23. dxe4 Bxg3 24. fxg3 Rxe4 25. cxd5 Qe5 26. Bxc5 Rd8 27. Rf1 Rxd5 28. b4 Re2 29. Rb3 Qe4 30. Rbf3 Rxf5 31. Kh2 Rxf3 32. Rxf3 Qxf3 0-1


[Site "https://www.chess.com"]

[Event "Titled Tuesday Blitz August 15 Early 2023"]
[White "Musovic, Armin"]
[Black "Fernandez Garcia, Gumersindo"]
[WhiteFideId "939935"]
[BlackFideId "24516740"]
[WhiteElo "2557"]
[BlackElo "2390"]
[Result "1-0"]
[Round "10"]
[TimeControl "180+1"]
[Date "2023.08.15"]
[WhiteClock "0:00:37"]
[BlackClock "0:00:00"]
[Board "102"]

1. a3 c5 2. Nc3 g6 3. e4 Bg7 4. Bc4 e6 5. d3 Ne7 6. Bg5 Nbc6 7. Ba2 O-O 8. Nge2 h6 9. Bh4 Nd4 10. O-O d6 11. Nxd4 cxd4 12. Ne2 Qc7 13. f4 b5 14. g4 Nc6 15. f5 Ne5 16. f6 Bh8 17. h3 Nc6 18. Qd2 Kh7 19. Rf2 e5 20. Bg5 hxg5 21. Qxg5 Be6 22. Ng3 Bxa2 23. Nf5 Bxf6 24. Qxf6 gxf5 25. Rxf5 1-0


[Site "https://www.chess.com"]

[Event "Titled Tuesday Blitz August 15 Early 2023"]
[White "D`Arruda, Ricardo D."]
[Black "Ovezdurdyyeva, Jemal"]
[WhiteFideId "100692"]
[BlackFideId "14001888"]
[WhiteElo "2535"]
[BlackElo "2384"]
[Result "0-1"]
[Round "10"]
[TimeControl "180+1"]
[Date "2023.08.15"]
[WhiteClock "0:00:25"]
[BlackClock "0:00:36"]
[Board "103"]

1. Nf3 Nf6 2. d4 d6 3. Nc3 g6 4. e4 c6 5. Bg5 Bg7 6. Qd2 h6 7. Bh4 b5 8. Bd3 b4 9. Ne2 a5 10. O-O Nbd7 11. e5 Nd5 12. e6 N7f6 13. exf7+ Kxf7 14. c4 bxc3 15. bxc3 g5 16. Bg3 Bg4 17. a3 Bxf3 18. gxf3 Qd7 19. f4 Qg4 20. fxg5 hxg5 21. c4 Nc7 22. f4 gxf4 23. Nxf4 Rh6 24. Rae1 Re8 25. d5 cxd5 26. cxd5 Kg8 27. Bc4 Nh5 28. Nxh5 Rxh5 29. Kh1 Qxc4 30. Qf2 Qxd5+ 31. Kg1 Bd4 0-1


[Site "https://www.chess.com"]

[Event "Titled Tuesday Blitz August 15 Early 2023"]
[White "Hajiyev, Kanan"]
[Black "Jakubowska, Anna"]
[WhiteFideId "13404148"]
[BlackFideId "1121952"]
[WhiteElo "2525"]
[BlackElo "2375"]
[Result "1-0"]
[Round "10"]
[TimeControl "180+1"]
[Date "2023.08.15"]
[WhiteClock "0:01:04"]
[BlackClock "0:00:27"]
[Board "104"]

1. d4 f5 2. Nf3 Nf6 3. g3 g6 4. Bg2 Bg7 5. b3 O-O 6. Bb2 d6 7. Nbd2 a5 8. c4 a4 9. Qc2 Nc6 10. Bc3 axb3 11. axb3 Rxa1+ 12. Bxa1 e5 13. dxe5 Ng4 14. O-O Ngxe5 15. Bc3 Qe7 16. Ra1 h6 17. e3 Bd7 18. b4 g5 19. b5 Nd8 20. Nxe5 Bxe5 21. Ra8 b6 22. Bd5+ Be6 23. Nf3 Nf7 24. Nxe5 dxe5 25. Rxf8+ Kxf8 26. Qb2 Bxd5 27. cxd5 g4 28. Bb4 Nd6 29. Qc2 Kf7 30. Bxd6 Qxd6 31. Qxf5+ Ke7 32. Qh7+ Kd8 33. Qg8+ Ke7 34. Qg7+ Ke8 35. e4 Qc5 36. Qxe5+ Kf7 37. Qf5+ Ke7 38. Qh7+ Kf6 39. Qxh6+ Ke5 40. Qf4+ Kd4 41. Qe3+ Ke5 42. Qxc5 bxc5 43. Kf1 c4 44. Ke2 Kxe4 45. d6 1-0


[Site "https://www.chess.com"]

[Event "Titled Tuesday Blitz August 15 Early 2023"]
[White "Amanov, Zhanibek"]
[Black "Al-Tarboush, Ward"]
[WhiteFideId "13700189"]
[BlackFideId "7601450"]
[WhiteElo "2361"]
[BlackElo "2523"]
[Result "0-1"]
[Round "10"]
[TimeControl "180+1"]
[Date "2023.08.15"]
[WhiteClock "0:00:00"]
[BlackClock "0:03:05"]
[Board "105"]

1. e4 c5 2. Nf3 e6 3. c3 Nf6 4. e5 Nd5 5. d4 cxd4 6. cxd4 d6 7. Bc4 Nb6 8. Bd3 dxe5 9. Nxe5 Be7 10. O-O N8d7 11. Qg4 Nxe5 12. dxe5 Qxd3 13. Qxg7 Rf8 14. Nc3 Qg6 15. Qxg6 fxg6 16. Nb5 Kf7 17. Be3 Nd5 18. Rac1 Bd7 19. Nc3 Nxe3 20. fxe3+ Kg8 21. Ne4 Bc6 22. Nf6+ Bxf6 23. exf6 Kf7 24. Rc4 Rad8 25. Rh4 h5 26. g4 Rd2 27. Rf2 Rxf2 28. Kxf2 Kxf6 29. gxh5 Kg5+ 30. Rf4 Rxf4+ 31. exf4+ Kxh5 32. Kg3 g5 33. fxg5 Kxg5 34. h4+ Kh5 35. b4 e5 36. a3 e4 37. Kf4 Kxh4 38. b5 Bd5 39. a4 b6 40. Ke3 Kg3 41. Kd4 Ba8 42. Ke3 Kg4 43. Kf2 Kf4 44. Ke2 e3 45. Ke1 Bf3 46. Kf1 e2+ 47. Kf2 Ke4 48. Ke1 Kd3 0-1


[Site "https://www.chess.com"]

[Event "Titled Tuesday Blitz August 15 Early 2023"]
[White "Pershina, Elena"]
[Black "Santos Flores, Alberto"]
[WhiteFideId "24147516"]
[BlackFideId "3601234"]
[WhiteElo "2359"]
[BlackElo "2521"]
[Result "0-1"]
[Round "10"]
[TimeControl "180+1"]
[Date "2023.08.15"]
[WhiteClock "0:00:18"]
[BlackClock "0:00:25"]
[Board "106"]

1. c4 c6 2. g3 d5 3. Bg2 Nf6 4. Nf3 Bg4 5. cxd5 cxd5 6. d4 Nc6 7. O-O e6 8. Nc3 Be7 9. b3 O-O 10. Bb2 h6 11. Rc1 Rc8 12. Ne5 Nxe5 13. dxe5 Nd7 14. Nb5 Rxc1 15. Qxc1 Bxe2 16. Nd6 Bxf1 17. Bxf1 Nxe5 18. Nxb7 Qb6 19. Bxe5 Qxb7 20. Qf4 f6 21. Bb2 e5 22. Qg4 Bc5 23. Qe6+ Qf7 24. Qc6 Bb6 25. h4 e4 26. Bh3 Re8 27. h5 Kh8 28. Bf5 Qxh5 29. Bxf6 gxf6 30. Qxf6+ Kg8 31. Bg6 Qd1+ 32. Kh2 Rf8 33. Qe6+ Kg7 34. Qe7+ Kxg6 35. Qxf8 Qh5+ 36. Kg1 Qf5 37. Qg8+ Kf6 38. Qf8+ Ke5 39. Qe7+ Kd4 40. Qb4+ Kd3 41. Qb5+ Kd2 42. Qb4+ Kd1 0-1


[Site "https://www.chess.com"]

[Event "Titled Tuesday Blitz August 15 Early 2023"]
[White "Benedetti, Julio"]
[Black "Lopez Gracia, Fernando"]
[WhiteFideId "172545"]
[BlackFideId "2207184"]
[WhiteElo "2515"]
[BlackElo "2355"]
[Result "1-0"]
[Round "10"]
[TimeControl "180+1"]
[Date "2023.08.15"]
[WhiteClock "0:00:13"]
[BlackClock "0:00:10"]
[Board "107"]

1. e4 c5 2. Nc3 e6 3. Bc4 a6 4. a4 Nc6 5. d3 Nf6 6. f4 d5 7. Bb3 Nd4 8. Ba2 Be7 9. Nf3 O-O 10. O-O b5 11. e5 Nd7 12. Nxd4 cxd4 13. Ne2 Qb6 14. axb5 axb5 15. Bd2 Bb7 16. f5 Nxe5 17. Nf4 exf5 18. Bxd5 Rxa1 19. Qxa1 g6 20. Qa2 Bd6 21. h3 Nd7 22. Re1 Nf6 23. Bxb7 Qxb7 24. Qb3 Qc7 25. g3 Rc8 26. c3 Bc5 27. c4 bxc4 28. Qxc4 Bd6 29. Qxc7 Rxc7 30. Rc1 Rb7 31. Rb1 Bxf4 32. Bxf4 Nd5 33. Be5 Nc3 34. Ra1 f6 35. Bxf6 Kf7 36. Bh8 Ne2+ 37. Kf2 Rxb2 38. Ra7+ Ke6 39. Rxh7 Nf4+ 40. Kf3 Nxh3 41. Rxh3 Rb3 42. Bxd4 Rxd3+ 43. Be3 g5 44. Ke2 Ra3 45. Bxg5 Ke5 46. Bf4+ Ke4 47. Rh6 Ra2+ 48. Bd2 Rb2 49. Rh4+ Kd5 50. Rf4 Ke6 51. Rf2 Ra2 52. Rf3 Rb2 53. Re3+ Kd5 54. Kd3 Rb3+ 55. Ke2 Rb2 56. Rd3+ Ke5 57. Ke3 Kf6 58. Bc3+ Kg5 59. Bxb2 Kg4 60. Kf2 f4 61. Rd4 Kf5 62. Rxf4+ Kg5 63. Bc1 Kg6 64. Kf3 Kg7 65. g4 Kg6 66. Kg3 Kg7 67. Kh4 Kg6 68. Rf5 Kg7 69. Kg5 Kh7 70. Rf7+ Kh8 71. Kg6 Kg8 72. g5 Kh8 73. Rf8# 1-0


[Site "https://www.chess.com"]

[Event "Titled Tuesday Blitz August 15 Early 2023"]
[White "Gatterer, Florian"]
[Black "Bach Ngoc Thuy Duong"]
[WhiteFideId "811688"]
[BlackFideId "12408956"]
[WhiteElo "2351"]
[BlackElo "2490"]
[Result "1-0"]
[Round "10"]
[TimeControl "180+1"]
[Date "2023.08.15"]
[WhiteClock "0:00:11"]
[BlackClock "0:00:00"]
[Board "108"]

1. f4 d5 2. Nf3 c5 3. g3 Nc6 4. Bg2 e6 5. O-O Bd6 6. d3 Nf6 7. Qe1 d4 8. Na3 O-O 9. Nc4 Bc7 10. h3 Nb4 11. Qd1 Nbd5 12. e4 dxe3 13. Nxe3 Rb8 14. Qe2 b6 15. Nxd5 Nxd5 16. Ne5 Bb7 17. a3 Re8 18. Kh2 f6 19. Nc4 e5 20. fxe5 b5 21. Ne3 Bxe5 22. Qg4 Nxe3 23. Bxe3 Bxg2 24. Kxg2 Bxb2 25. Bh6 Qd5+ 26. Kh2 Qf7 27. Rae1 Bc3 28. Rxe8+ Rxe8 29. h4 Kh8 30. Bf4 Bd4 31. Rb1 Qa2 32. Rxb5 Qxc2+ 33. Kh3 Qxd3 34. Qd7 Qf1+ 35. Kg4 Qe2+ 36. Kh3 Qf1+ 37. Kg4 Rf8 38. Rb8 Rxb8 39. Bxb8 Qe2+ 40. Kh3 Qf1+ 41. Kg4 h5+ 42. Kxh5 Qf3+ 43. Kg6 Qe4+ 44. Kf7 Kh7 45. Qd8 Qg6+ 46. Ke7 f5 47. Kd7 1-0


[Site "https://www.chess.com"]

[Event "Titled Tuesday Blitz August 15 Early 2023"]
[White "Bogaudinov, Rushan"]
[Black "Baches Garcia, Guillermo"]
[WhiteFideId "4129288"]
[BlackFideId "2209764"]
[WhiteElo "2343"]
[BlackElo "2474"]
[Result "1-0"]
[Round "10"]
[TimeControl "180+1"]
[Date "2023.08.15"]
[WhiteClock "0:00:14"]
[BlackClock "0:00:00"]
[Board "109"]

1. a3 d5 2. Nf3 Bf5 3. e3 e6 4. d4 Nf6 5. c4 c6 6. Nc3 Nbd7 7. Nh4 Bg4 8. Qb3 Qb6 9. Qxb6 axb6 10. h3 Bh5 11. cxd5 exd5 12. Bd3 Bg6 13. Nxg6 hxg6 14. O-O b5 15. Bd2 Bd6 16. f3 O-O 17. e4 Bc7 18. e5 Ne8 19. f4 Bb6 20. Be3 Nc7 21. Kh2 Rae8 22. Rad1 f5 23. Bc2 Kf7 24. g4 Ke7 25. Rg1 Ne6 26. gxf5 gxf5 27. Rg6 Rf7 28. Ne2 Ndf8 29. Rg2 g6 30. Ng1 Rh7 31. b3 Kf7 32. a4 bxa4 33. bxa4 Ba5 34. Rb1 Re7 35. Ne2 Rc7 36. Bd3 Rd7 37. Ng1 Rh4 38. Kg3 Rh7 39. Nf3 Ke7 40. Rgb2 Kd8 41. h4 Kc8 42. Ng5 Nxg5 43. hxg5 Rh8 44. Rh2 Rdh7 45. Rxh7 Rxh7 46. Rb2 Ne6 47. Rh2 Rxh2 48. Kxh2 Bb6 49. Kg3 Bxd4 50. Bc1 Kb8 51. Kf3 Ka7 52. Ba3 c5 53. Bb5 Bc3 54. Be8 Bd2 55. Bxg6 Bxf4 56. Bxf5 Bxg5 57. Bxe6 c4 58. Bxd5 c3 59. Bb3 Kb6 60. Ke4 Kc6 61. Bb4 Bd2 62. Bc2 b5 63. a5 1-0


[Site "https://www.chess.com"]

[Event "Titled Tuesday Blitz August 15 Early 2023"]
[White "LeoLV10"]
[Black "Jahnz, Fabian"]
[BlackFideId "4653300"]
[WhiteElo "2472"]
[BlackElo "2348"]
[Result "1-0"]
[Round "10"]
[TimeControl "180+1"]
[Date "2023.08.15"]
[WhiteClock "0:01:06"]
[BlackClock "0:00:22"]
[Board "110"]

1. e4 c6 2. d4 d5 3. e5 Bf5 4. g4 Be4 5. f3 Bg6 6. h4 h5 7. e6 fxe6 8. Ne2 Bf7 9. Nf4 hxg4 10. fxg4 Nf6 11. g5 Ne4 12. g6 Bg8 13. Nd3 Nd7 14. Bf4 Qa5+ 15. c3 O-O-O 16. Nd2 Ndf6 17. Bh3 Qb5 18. Nf3 Nh5 19. Be5 Nd6 20. Rg1 Nf6 21. a4 Qb6 22. b4 Nc4 23. Nc5 Nxe5 24. dxe5 Nd7 25. a5 Qb5 26. Qd4 Nxc5 27. Qxc5 Qxc5 28. bxc5 Kd7 29. Bg4 Bh7 30. gxh7 Rxh7 31. Ng5 Rh6 32. Ke2 Rxh4 33. Bxe6+ Kc7 34. Nf7 Re4+ 35. Kd3 Re8 36. Rg6 b6 37. axb6+ axb6 38. Ra7+ Kb8 39. cxb6 c5 40. Bxd5 1-0


[Site "https://www.chess.com"]